 Dungeon Crawl Stone Soup version 0.17-a0-1778-gd369669 (webtiles) character file.

118 ololoev the Poker (level 4, -3/36 HPs)
             Began as a Draconian Skald on Sept 8, 2015.
             Slain by an orc
             ... wielding a +0 morningstar
              (9 damage)
             ... on level 3 of the Dungeon.
             The game lasted 00:04:03 (2159 turns).

ololoev the Poker (Draconian Skald)                 Turns: 2159, Time: 00:04:03

Health: -3/36      AC:  5    Str: 14    XL:     4   Next: 72%
Magic:  1/7        EV: 12    Int: 12    God:
Gold:   131        SH:  0    Dex: 12    Spells: 2 memorised, 4 levels left

rFire  . . .     SeeInvis .     a - +0 trident
rCold  . . .     Clarity  .     (armour unavailable)
rNeg   . . .     SustAt   .     (no shield)
rPois  .         Gourm    .     (helmet restricted)
rElec  .         Spirit   .     (no cloak)
rCorr  .         Warding  .     (no gloves)
rMut   .         Stasis   .     (no boots)
MR     .....                    (no amulet)
Stlth  +.........               (no ring)
                                (no ring)

@: singing (expiring), not resistant to hostile enchantments, very unstealthy
A: unfitting armour, cold-blooded, AC +5
a: Stop Singing


Innate Abilities, Weirdness & Mutations

Your plain brown scales are hard (AC +5).
Your body does not fit into most forms of armour.
You are cold-blooded and may be slowed by cold attacks.

Inventory:

Hand weapons
 a - a +0 trident (weapon)
Armour
 p - a +1 helmet
Jewellery
 n - an uncursed ring of teleportation
Scrolls
 d - 3 scrolls of immolation {unknown}
 i - a scroll of recharging {unknown}
 l - 6 scrolls of identify {unknown}
 m - a scroll of enchant weapon {unknown}
Potions
 e - a potion of agility {unknown}
 h - a potion of heal wounds {unknown}
 j - a potion of brilliance {unknown}
 k - a potion of flight {unknown}
Books
 b - a book of Battle

   Spells                             Type                      Level
   a - Infusion                       Charms                       1
   b - Shroud of Golubria             Charms/Translocation         2
   c - Song of Slaying                Charms                       2
   d - Spectral Weapon                Hexes/Charms                 3
   e - Regeneration                   Charms/Necromancy            3
Comestibles
 c - 2 bread rations
 f - a beef jerky
 g - 5 fruits


   Skills:
 - Level 2.1 Fighting
 + Level 5.0 Polearms
 - Level 1.3 Dodging
 - Level 2.0 Spellcasting
 - Level 2.6 Charms


You had 4 spell levels left.
You knew the following spells:

 Your Spells              Type           Power        Failure   Level  Hunger
a - Infusion              Chrm           #.....       12%         1    ##.....
b - Song of Slaying       Chrm           #.......     14%         2    ###....


You were on level 3 of the Dungeon.
You were not hungry.

You visited 1 branch of the dungeon, and saw 3 of its levels.

You collected 131 gold pieces.

#.......#.# #.###.# ..
#>......#.# #.# #.#######(..
#.......#.###.###..($.......
#......#....................
###......####.####..oog.g...
###....##.....##..o.o.....
###..#.......#..########
##.#...{...#..#
#....@o..)†..#
#.#.......#..#
#.#.......#..#
#.##.....##..#
#.####.####..#
#...........## #############

Notes
Turn   | Place    | Note
--------------------------------------------------------------
     0 | D:1      | ololoev the Draconian Skald began the quest for the Orb.
     0 | D:1      | Reached XP level 1. HP: 17/17 MP: 3/3
   123 | D:1      | Reached XP level 2. HP: 16/24 MP: 5/5
   127 | D:1      | Learned a level 2 spell: Song of Slaying
   501 | D:1      | Reached skill level 3 in Polearms
   980 | D:2      | Reached XP level 3. HP: 12/29 MP: 2/6
  1241 | D:2      | Reached skill level 4 in Polearms
  1376 | D:2      | Found a faded altar to an unknown god.
  1474 | D:2      | Reached XP level 4. HP: 32/36 MP: 1/7
  1929 | D:3      | Found a bloodstained altar of Trog.
  1929 | D:3      | Found an iron altar of Okawaru.
  2110 | D:3      | Found a snail-covered altar of Cheibriados.
  2140 | D:3      | Reached skill level 5 in Polearms
  2159 | D:3      | Slain by an orc

Dungeon Overview and Level Annotations

Branches:
Dungeon (3/15)

Altars:
Cheibriados
Okawaru
Trog


Message History

You puncture the orc!
You kill the orc!
Your magical infusion is running out.
You hear some strange, mumbled words.
Something tries to affect you, but you resist.
You're too confused to move!
The goblin completely misses you.
You miss the goblin. The goblin hits you.
You hit the goblin.
You kill the goblin!
You feel less confused.
You barely miss something. Something hits you but does no damage.
You hit something.
You are no longer magically infusing your attacks.
Something hits you but does no damage.
You hear some strange, mumbled words.
You are confused.
Something hits you.
You hit something but do no damage.
Your tail-slap misses something.
You hear some strange, mumbled words.
A puff of flame appears from out of thin air!
The puff of flame hits you!
There is a snail-covered altar of Cheibriados here.
Something hits you but does no damage.
You barely miss something.
You feel less confused. Something hits you but does no damage.
The orc barely misses you.
You hit something.
Your song is almost over.
Something hits you but does no damage.
You closely miss something. The orc hits you with a morningstar.
Something hits you but does no damage.
You hit something. The orc hits you with a morningstar!
Something hits you but does no damage.
You miss something. The orc hits you with a morningstar.
You hear some strange, mumbled words.
A puff of flame appears from out of thin air!
The puff of flame misses you.
You closely miss something.
Your tail-slap misses something.
The orc hits you with a morningstar!
You die...

You could see an orc.

Vanquished Creatures
  5 adders (D:2)
  An ooze (D:2)
  A worm (D:2)
  6 orcs (D:3)
  8 bats
  3 giant cockroaches
  8 goblins
  6 hobgoblins
  2 jackals (D:2)
  2 ball pythons
  2 giant geckos
  3 giant newts
  6 kobolds
  5 rats
58 creatures vanquished.

Action                   |  1- 3 |  4- 6 || total
-------------------------+-------+-------++-------
Melee: Spear             |   124 |    55 ||   179
       Trident           |       |    18 ||    18
 Cast: Infusion          |     4 |     3 ||     7
       Song of Slaying   |     2 |     3 ||     5
  Use: Scroll            |     1 |     1 ||     2
 Stab: Sleeping          |     1 |       ||     1
  Eat: Chunk             |     2 |     3 ||     5

Vault maps used:
D:1:      onia_arrival_mini_spirals
D:2:      ecumenical_altar_2
D:3:      gammafunk_temple_overflow_wave, old_standard_altar, first_bread
